2029 views
Uploaded 2023-10-10 08:34:36
Game version 1.36 (6115)
23:49 long 1on1 ladder game on (2)TerenasStand_LV
Saved by Sonnenschein
2029 views
Uploaded 2023-10-10 08:34:36
Game version 1.36 (6115)
23:49 long 1on1 ladder game on (2)TerenasStand_LV

57 units @ 8.1k
/ 0.9k
17 buildings @ 2.8k
/ 0.9k


| Rod of Necromancy | 4 | 600 |
| Sacrificial Skull | 3 | 150 |
| Ritual Dagger | 1 | 125 |
| Potion of Mana | 10 | 2000 |
| Potion of Healing | 2 | 300 |
| Orb of Corruption | 1 | 375 |
| Scroll of Town Portal | 1 | 350 |
| Scroll of Healing | 1 | 250 |
| total: | 23 | 4150g |
| Acolyte | 22 | 1650 | / | 0 |
| Ghoul | 12 | 1440 | / | 0 |
| Crypt Fiend | 15 | 3225 | / | 600 |
| Frost Wyrm | 1 | 385 | / | 120 |
| Obsidian Statue | 2 | 400 | / | 70 |
| Gargoyle | 1 | 175 | / | 30 |
| Forest Troll Berserker | 2 | 490 | / | 60 |
| Forest Troll Shadow Priest | 1 | 195 | / | 10 |
| Mud Golem | 1 | 145 | / | 10 |
| total: | 57 | 8105g | / | 900w |
| Nerubian Tower | 3 | 300 | / | 60 |
| Spirit Tower | 2 | 290 | / | 80 |
| Crypt | 3 | 600 | / | 150 |
| Altar of Darkness | 1 | 180 | / | 50 |
| Ziggurat | 7 | 1050 | / | 350 |
| Tomb of Relics | 2 | 260 | / | 60 |
| Graveyard | 1 | 215 | / | 0 |
| Necropolis | 1 | 225 | / | 0 |
| Slaughterhouse | 1 | 140 | / | 135 |
| Boneyard | 1 | 175 | / | 200 |
| Halls of the Dead | 1 | 320 | / | 210 |
| Black Citadel | 1 | 325 | / | 230 |
| total: | 17 | 2845g | / | 945w |
| 0:00 | Acolyte |
| 0:05 | Acolyte |
| 0:07 | Crypt |
| 0:11 | Crypt |
| 0:13 | Altar of Darkness |
| 0:24 | Ziggurat |
| 0:33 | Acolyte |
| 0:56 | Tomb of Relics |
| 1:12 | Ghoul |
| 1:22 | Ziggurat |
| 1:33 | Ghoul |
| 1:45 | Ghoul |
| 1:57 | Nerubian Tower |
| 2:07 | Ghoul |
| 2:14 | Rod of Necromancy |
| 2:14 | Sacrificial Skull |
| 2:17 | Death Coil |
| 2:44 | Ghoul |
| 2:58 | Acolyte |
| 3:08 | Ghoul |
| 3:15 | Unholy Aura |
| 3:31 | Ghoul |
| 3:43 | Ziggurat |
| 3:48 | Nerubian Tower |
| 4:37 | Ghoul |
| 5:00 | Acolyte |
| 5:01 | Acolyte |
| 5:01 | Acolyte |
| 5:01 | Acolyte |
| 5:05 | Nerubian Tower |
| 5:11 | Rod of Necromancy |
| 5:39 | Acolyte |
| 5:46 | Acolyte |
| 6:01 | Ziggurat |
| 6:22 | Halls of the Dead |
| 6:30 | Rod of Necromancy |
| 6:30 | Sacrificial Skull |
| 6:31 | Ritual Dagger |
| 6:40 | Graveyard |
| 6:50 | Death Coil |
| 7:12 | Forest Troll Berserker |
| 7:37 | Ghoul |
| 7:55 | Ghoul |
| 8:18 | Crypt Fiend |
| 8:20 | Crypt |
| 8:40 | Spirit Tower |
| 8:41 | Ziggurat |
| 8:49 | Potion of Mana |
| 9:09 | Acolyte |
| 9:09 | Acolyte |
| 9:13 | Crypt Fiend |
| 9:26 | Acolyte |
| 9:26 | Acolyte |
| 9:47 | Crypt Fiend |
| 10:15 | Frost Nova |
| 10:20 | Acolyte |
| 10:20 | Acolyte |
| 10:21 | Acolyte |
| 10:41 | Acolyte |
| 10:49 | Ziggurat |
| 10:54 | Ghoul |
| 11:00 | Necropolis |
| 11:09 | Potion of Mana |
| 11:17 | Ghoul |
| 11:18 | Crypt Fiend |
| 11:20 | Potion of Mana |
| 11:26 | Potion of Healing |
| 11:26 | Rod of Necromancy |
| 11:27 | Sacrificial Skull |
| 12:05 | Spirit Tower |
| 12:12 | Crypt Fiend |
| 12:31 | Crypt Fiend |
| 12:39 | Tomb of Relics |
| 12:55 | Black Citadel |
| 12:57 | Crypt Fiend |
| 13:31 | Crypt Fiend |
| 13:39 | Unholy Aura |
| 13:43 | Crypt Fiend |
| 14:18 | Crypt Fiend |
| 14:28 | Potion of Mana |
| 14:44 | Potion of Healing |
| 14:45 | Potion of Mana |
| 14:54 | Frost Armor |
| 15:16 | Orb of Corruption |
| 15:36 | Crypt Fiend |
| 15:40 | Slaughterhouse |
| 15:42 | Boneyard |
| 15:52 | Crypt Fiend |
| 15:52 | Crypt Fiend |
| 16:36 | Crypt Fiend |
| 16:49 | Forest Troll Berserker |
| 16:49 | Forest Troll Shadow Priest |
| 17:05 | Mud Golem |
| 17:25 | Frost Armor |
| 17:48 | Crypt Fiend |
| 17:53 | Potion of Mana |
| 18:13 | Acolyte |
| 18:13 | Acolyte |
| 18:15 | Potion of Mana |
| 18:40 | Death Coil |
| 18:49 | Potion of Mana |
| 18:54 | Frost Wyrm |
| 18:56 | Obsidian Statue |
| 19:25 | Acolyte |
| 19:25 | Acolyte |
| 19:31 | Obsidian Statue |
| 19:36 | Potion of Mana |
| 19:47 | Creature Carapace |
| 20:22 | Ziggurat |
| 20:50 | Web |
| 20:53 | Scroll of Town Portal |
| 20:54 | Scroll of Healing |
| 21:49 | Potion of Mana |
| 22:05 | Gargoyle |
| 22:08 | Frost Nova |
| 23:14 | Unholy Aura |
| Right click | 2547 |
| Select | 743 |
| Build/train/purchase | 144 |
| Select group | 144 |
| Use ability | 63 |
| Chat | 44 |
| Misc. action | 43 |
| Assign group | 22 |
| Item give/drop | 5 |
| Remove unit | 2 |
63 units @ 7.5k
/ 1k
21 buildings @ 3.4k
/ 2.2k


| Lesser Clarity Potion | 7 | 490 |
| Moonstone | 2 | 100 |
| Potion of Mana | 5 | 1000 |
| Orb of Venom | 2 | 650 |
| Potion of Healing | 2 | 300 |
| Anti-magic Potion | 2 | 200 |
| Staff of Preservation | 1 | 150 |
| Scroll of Town Portal | 3 | 1050 |
| total: | 24 | 3940g |
| Wisp | 37 | 2220 | / | 0 |
| Archer | 5 | 650 | / | 50 |
| Huntress | 6 | 1170 | / | 120 |
| Glaive Thrower | 1 | 210 | / | 65 |
| Druid of the Claw | 4 | 1020 | / | 320 |
| Dryad | 4 | 580 | / | 240 |
| Chimaera | 3 | 990 | / | 210 |
| Hippogryph | 2 | 320 | / | 40 |
| Ogre Mauler | 1 | 300 | / | 0 |
| total: | 63 | 7460g | / | 1045w |
| Ancient Protector | 3 | 405 | / | 240 |
| Altar of Elders | 1 | 180 | / | 50 |
| Moon Well | 4 | 720 | / | 160 |
| Ancient of War | 1 | 150 | / | 60 |
| Ancient of Wonders | 1 | 90 | / | 30 |
| Hunter's Hall | 1 | 210 | / | 100 |
| Tree of Life | 1 | 340 | / | 185 |
| Ancient of Wind | 4 | 600 | / | 560 |
| Ancient of Lore | 2 | 310 | / | 290 |
| Chimaera Roost | 3 | 420 | / | 570 |
| Tree of Ages | 1 | 320 | / | 180 |
| Tree of Eternity | 1 | 330 | / | 200 |
| total: | 21 | 3425g | / | 2245w |
| 0:02 | Wisp |
| 0:02 | Wisp |
| 0:10 | Altar of Elders |
| 0:12 | Moon Well |
| 0:18 | Ancient of War |
| 0:18 | Wisp |
| 0:28 | Wisp |
| 0:38 | Wisp |
| 0:47 | Wisp |
| 0:49 | Wisp |
| 1:00 | Wisp |
| 1:21 | Archer |
| 1:27 | Wisp |
| 1:38 | Archer |
| 1:44 | Moon Well |
| 2:04 | Ancient of Wonders |
| 2:07 | Wisp |
| 2:14 | Force of Nature |
| 2:18 | Wisp |
| 2:44 | Wisp |
| 2:45 | Archer |
| 2:46 | Archer |
| 3:08 | Hunter's Hall |
| 3:11 | Moon Well |
| 3:29 | Entangling Roots |
| 4:54 | Wisp |
| 4:54 | Wisp |
| 4:55 | Huntress |
| 5:10 | Archer |
| 5:18 | Ancient Protector |
| 5:26 | Huntress |
| 5:30 | Tree of Ages |
| 5:52 | Huntress |
| 5:54 | Moon Well |
| 6:08 | Lesser Clarity Potion |
| 6:08 | Lesser Clarity Potion |
| 6:08 | Lesser Clarity Potion |
| 6:32 | Huntress |
| 6:39 | Entangling Roots |
| 6:47 | Tree of Life |
| 7:06 | Glaive Thrower |
| 8:04 | Wisp |
| 8:04 | Wisp |
| 8:04 | Wisp |
| 8:47 | Huntress |
| 8:48 | Wisp |
| 8:49 | Wisp |
| 8:50 | Ancient of Wind |
| 8:50 | Ancient of Lore |
| 9:18 | Force of Nature |
| 9:26 | Mana Burn |
| 9:48 | Huntress |
| 9:49 | Wisp |
| 9:49 | Wisp |
| 9:49 | Wisp |
| 9:49 | Wisp |
| 9:50 | Wisp |
| 9:51 | Tree of Eternity |
| 10:51 | Moonstone |
| 10:51 | Lesser Clarity Potion |
| 10:54 | Druid of the Claw |
| 10:56 | Ancient of Wind |
| 10:57 | Ancient of Lore |
| 11:00 | Scroll of Town Portal |
| 11:00 | Potion of Mana |
| 11:12 | Wisp |
| 11:13 | Ancient Protector |
| 11:16 | Potion of Mana |
| 12:44 | Druid of the Claw Adept Training |
| 12:45 | Dryad |
| 12:52 | Nature's Blessing |
| 12:54 | Wisp |
| 12:55 | Well Spring |
| 12:56 | Wisp |
| 12:57 | Wisp |
| 12:58 | Evasion |
| 13:33 | Wisp |
| 13:33 | Wisp |
| 13:37 | Orb of Venom |
| 13:37 | Potion of Healing |
| 13:38 | Anti-magic Potion |
| 13:42 | Druid of the Claw Master Training |
| 13:57 | Wisp |
| 14:17 | Dryad |
| 14:18 | Abolish Magic |
| 14:19 | Dryad |
| 14:22 | Strength of the Wild |
| 14:24 | Wisp |
| 14:24 | Ultravision |
| 15:10 | Ancient Protector |
| 15:37 | Druid of the Claw |
| 15:52 | Lesser Clarity Potion |
| 15:52 | Moonstone |
| 15:54 | Scroll of Town Portal |
| 15:54 | Anti-magic Potion |
| 15:55 | Potion of Mana |
| 16:01 | Druid of the Claw |
| 16:42 | Chimaera Roost |
| 16:44 | Chimaera Roost |
| 16:45 | Chimaera Roost |
| 16:48 | Dryad |
| 17:00 | Ogre Mauler |
| 17:03 | Entangling Roots |
| 17:53 | Wisp |
| 17:53 | Wisp |
| 17:58 | Improved Strength of the Wild |
| 18:10 | Chimaera |
| 18:11 | Chimaera |
| 18:14 | Wisp |
| 18:14 | Wisp |
| 18:52 | Druid of the Claw |
| 19:22 | Chimaera |
| 19:23 | Corrosive Breath |
| 19:33 | Orb of Venom |
| 19:33 | Potion of Mana |
| 19:34 | Staff of Preservation |
| 19:34 | Lesser Clarity Potion |
| 19:37 | Lesser Clarity Potion |
| 19:37 | Potion of Mana |
| 19:38 | Scroll of Town Portal |
| 19:49 | Potion of Healing |
| 20:07 | Advanced Strength of the Wild |
| 20:08 | Wisp |
| 20:35 | Ancient of Wind |
| 20:36 | Ancient of Wind |
| 21:34 | Mana Burn |
| 21:58 | Tranquility |
| 22:38 | Hippogryph |
| 22:38 | Hippogryph |
| Right click | 1372 |
| Select | 529 |
| Select group | 226 |
| Build/train/purchase | 152 |
| Use ability | 116 |
| Assign group | 74 |
| Chat | 18 |
| Item give/drop | 5 |
| Esc | 4 |
| Remove unit | 1 |
⇛